 Dungeon Crawl Stone Soup version 0.30-a0-585-g93115170b9 (webtiles) character file.

Game seed: 14965764863150151563

227 bmack86 the Chopper (level 5, 0/70 HPs)
             Began as a Minotaur Fighter on Jan 3, 2023.
             Slain by a kobold brigand
             ... wielding a +0 dagger
              (1 damage)
             ... in a sewer.
             The game lasted 00:04:59 (1749 turns).

bmack86 the Chopper (Minotaur Fighter)              Turns: 1749, Time: 00:05:00

Health: 0/70       AC:  9    Str: 23    XL:     5   Next: 70%
Magic:  0/4        EV:  6    Int:  5    God:
Gold:   76         SH:  8    Dex:  9    Spells: 4/4 levels left

rFire   . . .      SeeInvis .    a - +0 war axe
rCold   . . .      Faith    .    h - +0 kite shield
rNeg    . . .      Spirit   +    p - +0 chain mail
rPois   .          Reflect  .    (helmet restricted)
rElec   .          Harm     .    (no cloak)
rCorr   .          Rampage  .    (no gloves)
Will    .....                    (no boots) Stlth
                                 q - amulet of guardian spirit
HPRegen 0.31/turn                (no ring)
MPRegen 0.09/turn                (no ring)

@: berserking, very quick
A: horns 2, retaliatory headbutt
a: no special abilities


You were in a sewer.
You visited 1 branch of the dungeon, and saw 3 of its levels.
You also visited: Sewer.

You collected 76 gold pieces.

Inventory:

Hand Weapons
 a - a +0 war axe (weapon)
Missiles
 g - 13 poisoned darts (quivered)
Armour
 b - a +0 scale mail
 c - a +0 buckler
 h - a +0 kite shield (worn)
 p - a +0 chain mail (worn)
Jewellery
 q - an amulet of guardian spirit (around neck)
Scrolls
 i - a scroll of fog {unknown}
 j - a scroll of immolation {unknown}
 l - a scroll of identify
 m - a scroll of poison {unknown}
Potions
 e - a potion of haste {unknown}
 k - a potion of mutation
 n - a potion of curing
 o - a potion of invisibility {unknown}


   Skills:
 + Level 4.5 Fighting
 * Level 4.6 Axes
 + Level 2.0 Throwing
 + Level 4.5 Armour
 + Level 4.5 Shields


You had 4 spell levels left.
You didn't know any spells.
Your spell library was empty.

Dungeon Overview and Level Annotations

Branches:
Dungeon (3/15)              Sewer (1/1)

Altars:


Innate Abilities, Weirdness & Mutations

You have a pair of horns on your head.
You reflexively headbutt those who attack you in melee.


Message History

The kobold brigand attacks as you move away!
The kobold brigand hits you but does no damage.
The kobold brigand splashes around in the water.
The kobold brigand attacks as you move away!
The kobold brigand splashes around in the water.
The kobold brigand hits you with a +0 dagger!
* * * LOW HITPOINT WARNING * * *
You block the kobold brigand's attack.
The kobold brigand hits you but does no damage.
You barely miss the kobold brigand. You block the kobold brigand's attack.
The kobold brigand completely misses you.
You furiously retaliate!
You headbutt the kobold brigand!
The kobold brigand hits you with a +0 dagger.
* * * LOW HITPOINT WARNING * * *
You barely miss the kobold brigand.
The kobold brigand is moderately wounded.
The kobold brigand hits you with a +0 dagger.
* * * LOW HITPOINT WARNING * * *
The kobold brigand hits you with a +0 dagger.
* * * LOW HITPOINT WARNING * * *
It was a potion of curing.
You feel better.
The kobold brigand splashes around in the water.
You closely miss the kobold brigand.
The kobold brigand is moderately wounded.
You block the kobold brigand's attack.
The kobold brigand hits you with a +0 dagger.
* * * LOW HITPOINT WARNING * * *
You closely miss the kobold brigand.
The kobold brigand is moderately wounded.
You feel yourself speed up. You block the kobold brigand's attack.
The kobold brigand hits you with a +0 dagger.
* * * LOW HITPOINT WARNING * * *
The kobold brigand hits you with a +0 dagger!
* * * LOW HITPOINT WARNING * * *
It was a potion of berserk rage.
A red film seems to cover your vision as you go berserk!
You feel yourself moving faster!
You feel mighty!
The kobold brigand hits you with a +0 dagger.
You die...

#.#.#.#.# #.
.#.#.# #~#~#~#~#
#~ ~#~#~#
#~#~#~#~# #~
~#~#~# #~#~#)#~#
#~#~#)#~#
#~.~#~)~#
..~#.)~#
##)###~##
#~###~## #~# #~#
#~# #.# #~###.#
#K###~# #~.~~~#
#~@~~.# ##~~.##
##~~~## #.~~#
#~..# #~~.# #~~~#
#~.~## ##.~.#
#.~~~## ##~~~~#
#~~~.~#####..~..#
##.~~.~.~~~.~~~##
###..~~~..~~###


You could see a kobold brigand.

Vanquished Creatures
  2 kobold brigands (Sewer)
  5 adders
  2 orcs (D:3)
  3 ball pythons
  2 endoplasms
  4 giant cockroaches
  4 goblins (D:2)
  2 hobgoblins
  2 jackals (D:2)
  4 quokkas
  2 frilled lizards
  8 kobolds
  5 rats
45 creatures vanquished.

Notes
Turn   | Place    | Note
-------+----------+-------------------------------------------
     0 | D:1      | bmack86 the Minotaur Fighter began the quest for the Orb.
     0 | D:1      | Reached XP level 1. HP: 19/19 MP: 0/0
   423 | D:1      | Found a faded altar of an unknown god.
   554 | D:1      | Reached XP level 2. HP: 27/27 MP: 1/1
  1061 | D:2      | Reached XP level 3. HP: 33/33 MP: 2/2
  1430 | D:3      | Reached skill level 1 in Throwing
  1498 | D:3      | Reached XP level 4. HP: 34/40 MP: 3/3
  1592 | D:3      | Found a glowing drain.
  1605 | Sewer    | Entered a sewer
  1629 | Sewer    | Noticed a kobold brigand
  1640 | Sewer    | Killed a kobold brigand
  1641 | Sewer    | Reached XP level 5. HP: 45/47 MP: 2/4
  1748 | Sewer    | HP: 1/47 [kobold brigand/+0 dagger (6)]
  1749 | Sewer    | Slain by a kobold brigand

Illustrated notes

Levels and vault maps discovered:
D:1:      arrival_zaba_pyramid, layout_loops_cross, serial_co_window_serial,
          co_window_corner_a, co_window_paths_b, co_window_paths_b,
          co_window_paths_a, co_window_paths_a, co_window_broadway_c,
          co_window_unsneaky_path_c, co_window_2corner, co_window_broadway_c,
          co_window_corner_b, co_window_unsneaky_path_b, co_window_broadway_a,
          co_window_paths_e, glass_columns_a, glass_columns_b, glass_columns_b,
          glass_columns_c, dreamdust_ecumenical_altar_statues
D:2:      layout_rooms
D:3:      layout_rooms, gup_sewer_entry_pipe
Sewer:    sewer_co_tree

Skill      XL: |  1  2  3  4  5 |
---------------+----------------+-----
Axes           | 3 4 |  4.6
Shields        | 4 |  4.5
Armour         | 4 |  4.5
Fighting       | 4 |  4.5
Throwing       | 1 2 |  2.0

Action                   |  1- 3 |  4- 6 || total
-------------------------+-------+-------++-------
Melee: War axe           |    85 |    39 ||   124
       Headbutt          |     7 |       ||     7
  Use: Scroll            |     2 |       ||     2
       Potion            |       |     3 ||     3
Armor: Scale mail        |    49 |       ||    49
       Chain mail        |       |    21 ||    21
Dodge: Dodged            |    33 |    15 ||    48
Block: Buckler           |     2 |       ||     2
       Kite shield       |    45 |    31 ||    76

Table legend: (Time is in decaauts)
 A = Elapsed time spent in this place.
 B = Non-inter-level travel time spent in this place.
 C = Inter-level travel time spent in this place.
 D = Time resting spent in this place.
 E = Time spent auto-exploring this place.
 F = Levels seen in this place.
 G = Mean time per level.
                   A        B        C        D        E       F      G
               +--------+--------+--------+--------+--------+-----+--------+
         Total |   1862 |   1845 |     17 |      0 |   1141 |   4 |  465.5 |
       Dungeon |   1654 |   1637 |     17 |      0 |   1069 |   3 |  551.3 |
         Sewer |    208 |    208 |      0 |      0 |     72 |   1 |  208.0 |
               +--------+--------+--------+--------+--------+-----+--------+

Top non-repeatable levels by time:
     D:1: 1034 daAuts
     D:2: 375 daAuts
     D:3: 244 daAuts
   Sewer: 208 daAuts
